 Dungeon Crawl Stone Soup version 0.29.1-14-g9c671dbff4 (webtiles) character file.

Game seed: 14719944030410653711

416 sankara the Ruffian (level 6, 0/56 HPs)
             Began as a Minotaur Monk on Feb 12, 2023.
             Slain by an orc warrior
             ... wielding a +0 hand axe
              (18 damage)
             ... on level 4 of the Dungeon.
             The game lasted 00:07:08 (3993 turns).

sankara the Ruffian (Minotaur Monk)                 Turns: 3993, Time: 00:07:08

Health: 0/56       AC:  7    Str: 22    XL:     6   Next: 60%
Magic:  5/5        EV: 11    Int:  7    God:
Gold:   172        SH:  0    Dex: 14    Spells: 5/5 levels left

rFire   . . .      SeeInvis .     - Unarmed
rCold   . . .      Faith    .   (no shield)
rNeg    + . .      Spirit   .   A - +0 scale mail
rPois   .          Reflect  .   (helmet restricted)
rElec   .          Harm     .   (no cloak)
rCorr   .          Rampage  .   (no gloves)
Will    .....                   s - +0 pair of boots
Stlth   ..........              (no amulet)
HPRegen 0.18/turn               h - ring of positive energy
MPRegen 0.09/turn               t - +6 ring of strength

@: no status effects
A: horns 2, retaliatory headbutt
a: no special abilities


You were on level 4 of the Dungeon.
You visited 1 branch of the dungeon, and saw 4 of its levels.

You collected 211 gold pieces.
You spent 39 gold pieces at shops.

Inventory:

Hand Weapons
 e - a +0 dagger
 q - a +0 broad axe
Missiles
 j - 4 boomerangs of dispersal
 l - 3 silver boomerangs
 n - 9 poisoned darts (quivered)
 r - 6 javelins
Armour
 s - a +0 pair of boots (worn)
 A - a +0 scale mail (worn)
Jewellery
 h - a ring of positive energy (left hand)
 t - a +6 ring of strength (right hand)
 B - a ring of ice
Wands
 a - a wand of iceblast (5)
Scrolls
 c - 2 scrolls of teleportation
 g - a scroll of vulnerability {unknown}
 o - a scroll of blinking {unknown}
 p - a scroll of immolation {unknown}
 u - a scroll of noise {unknown}
 v - a scroll of enchant armour {unknown}
 w - a scroll of summoning {unknown}
 x - 3 scrolls of identify {unknown}
 y - a scroll of silence {unknown}
Potions
 b - 2 potions of ambrosia
 d - 3 potions of attraction {unknown}
 f - a potion of degeneration {unknown}
 i - 3 potions of curing {unknown}
 k - a potion of mutation {unknown}
 m - 2 potions of might {unknown}
 z - 2 potions of heal wounds {unknown}


   Skills:
 + Level 5.1 Fighting
 + Level 1.9 Throwing
 + Level 3.1 Armour
 + Level 4.5 Dodging
 - Level 1.5 Stealth
 * Level 5.5 Unarmed Combat


You had 5 spell levels left.
You didn't know any spells.
Your spell library contained the following spells:

 Spells                   Type           Power      Damage    Failure   Level
 Apportation              Tloc           0%         N/A       77%         1
 Magic Dart               Conj           0%         1d3       77%         1
 Call Imp                 Summ           0%         N/A       88%         2
 Mephitic Cloud           Conj/Pois/Air  0%         N/A       98%         3
 Alistair's Intoxication  Tmut/Pois      0%         N/A       100%        5


Dungeon Overview and Level Annotations

Branches:
Dungeon (4/15)
 Temple: D:4-7

Altars:
Xom

Shops:
D:2 (   D:3 *

Annotations:
D:3 3 runed translucent doors, p0werm0de's ghost, amateur PaFi


Innate Abilities, Weirdness & Mutations

You have a pair of horns on your head.
You reflexively headbutt those who attack you in melee.


Message History

You hit the scorpion but do no damage.
The scorpion is heavily wounded.
The scorpion stings you.
Unknown command.
You hit the scorpion. You headbutt the scorpion.
Your punch misses the scorpion.
The scorpion is almost dead.
The scorpion closely misses you.
You hit the scorpion but do no damage. You headbutt the scorpion.
You kill the scorpion!
Your Armour skill increases to level 3!
Unknown command.
Unknown command.
Found a stone staircase leading down.
You now have 172 gold pieces (gained 6).
Found a stone staircase leading down.
You open the door.
There is an open door here.
There is an open door here.
There is an open door here.
There is an open door here.
There is a broken door here.
An orc warrior is nearby!
An orc warrior is nearby!
The orc warrior shouts!
You hear a shout!
The orc warrior shoots a bolt.
The bolt hits you!
The orc warrior shoots a bolt.
The bolt hits you.
An orc comes into view. It is wielding a +0 hand axe.
The orc shouts!
The orc warrior shoots a bolt.
The bolt misses you.
The orc warrior unwields a +0 arbalest.
The orc warrior wields a +0 hand axe.
The orc warrior hits you with a +0 hand axe!
You hit the orc warrior.
You punch the orc warrior, but do no damage.
The orc warrior is lightly wounded.
The orc warrior hits you with a +0 hand axe!
You punch the orc warrior! Your headbutt misses the orc warrior.
The orc warrior is moderately wounded.
The orc warrior hits you with a +0 hand axe!!
You die...

..######...#....##.....##.>......
..#...##...#....##.....##..##..>.
..'........#.....#.....###'#####+
..#...##...##....#...............
..#...##...##....#...............
..######...##...##.....##..######
..#........##...##.....##..##....
..#............o.......##'###....
..#...##...##.o.@.......#..#.....
..#...##...##...........#..#.....
..#...##..†##...##......#..#.....
..#...#....##...##......'..#.....
..#...'.....#...##.....##..#.....
..#...##...##...#########..###...
###...#######...##.....##..###...
..)....+...##...##...............
.#######.....[..#########........


You could see an orc warrior and an orc.

Vanquished Creatures
  2 scorpions (D:4)
  A howler monkey (D:4)
  A hound (D:4)
  2 orc wizards (D:4)
  Natasha (thrice) (D:3)
  2 adders
  2 ufetubi (D:4)
  4 worms
  4 orcs
  2 endoplasms
  3 giant cockroaches
  5 goblins
  4 hobgoblins
  2 jackals (D:1)
  6 quokkas
  5 ball pythons
  5 bats
  4 frilled lizards
  12 kobolds
  A rat (D:2)
70 creatures vanquished.

Vanquished Creatures (others)
  2 fungi (D:3)
  2 plants (D:3)
4 creatures vanquished.

Grand Total: 74 creatures vanquished

Notes
Turn   | Place    | Note
-------+----------+-------------------------------------------
     0 | D:1      | sankara the Minotaur Monk began the quest for the Orb.
     0 | D:1      | Reached XP level 1. HP: 19/19 MP: 0/0
   341 | D:1      | Reached XP level 2. HP: 27/27 MP: 1/1
   456 | D:1      | You fall into a shaft and drop 1 floor!
   608 | D:2      | Reached skill level 1 in Armour
   906 | D:2      | Found Xoler's Weapon Shop.
   992 | D:1      | Reached XP level 3. HP: 29/33 MP: 2/2
  2102 | D:3      | Noticed Natasha
  2109 | D:3      | Killed Natasha
  2110 | D:3      | Reached skill level 1 in Throwing
  2110 | D:3      | Reached XP level 4. HP: 23/40 MP: 3/3
  2279 | D:3      | Noticed Natasha
  2283 | D:3      | Killed Natasha
  2343 | D:3      | Found a shimmering altar of Xom.
  2378 | D:3      | Noticed Natasha
  2386 | D:3      | Killed Natasha
  2643 | D:3      | Found Hahi's General Store.
  2649 | D:3      | Bought a scroll of teleportation for 39 gold pieces
  2935 | D:3      | Found a runed translucent gate.
  2935 | D:3      | Found a runed translucent gate.
  2935 | D:3      | Found a runed translucent gate.
  2936 | D:3      | Noticed a kobold brigand
  2977 | D:3      | Noticed p0werm0de's ghost (amateur PaFi)
  3017 | D:3      | Reached XP level 5. HP: 43/47 MP: 4/4
  3250 | D:4      | Reached skill level 5 in Unarmed Combat
  3260 | D:4      | Reached XP level 6. HP: 39/55 MP: 5/5
  3274 | D:4      | Noticed an orc warrior
  3912 | D:4      | Reached skill level 5 in Fighting
  3993 | D:4      | Slain by an orc warrior

Illustrated notes

Levels and vault maps discovered:
D:1:      mushboom_english_gardens, layout_basic, st_stairs_6, corner_web_ring
D:2:      layout_basic, serial_shops, nicolae_shop_window_shopping, nrook_uturn,
          grunt_ministairs_8
D:3:      layout_basic, lemuel_round_altar, serial_shops, nicolae_shop_crystal,
          gammafunk_ghost_nasty_kobolds, nicolae_elevator_lobby_asterisk,
          uniq_natasha
D:4:      layout_gridville

Skill      XL: |  1  2  3  4  5  6 |
---------------+-------------------+-----
Armour         | 1 2 3 |  3.1
Fighting       | 4 5 |  5.1
Unarmed Combat | 4 5 |  5.5
Throwing       | 1 |  1.9
Dodging        | 4 |  4.5
Stealth        | |  1.5

Action                   |  1- 3 |  4- 6 || total
-------------------------+-------+-------++-------
Melee: Unarmed           |    93 |    92 ||   185
       Dagger            |     5 |       ||     5
       Headbutt          |    14 |    17 ||    31
       Punch             |     1 |     4 ||     5
 Stab: Sleeping          |     3 |     1 ||     4
Armor: Robe              |     3 |       ||     3
       Leather armour    |    13 |     7 ||    20
       Ring mail         |       |    20 ||    20
       Scale mail        |       |     8 ||     8
Dodge: Dodged            |    51 |    62 ||   113
